 Dungeon Crawl Stone Soup version 0.26-a0-20-g5f92b90fa0 (webtiles) character file.

Game seed: 50578457926527469, levelgen mode: deterministic

5903 HoaS the Grappler (level 10, -3/99 HPs)
             Began as a Gargoyle Berserker on May 25, 2020.
             Was an Elder of Trog.
             Slain by Snorg (17 damage)
             ... on level 10 of the Dungeon.
             The game lasted 00:25:53 (10195 turns).

HoaS the Grappler (Gargoyle Berserker)             Turns: 10195, Time: 00:25:54

Health: -3/99      AC: 23    Str: 24    XL:     10   Next: 82%
Magic:  10/10      EV:  7    Int:  8    God:    Trog [****..]
Gold:   704        SH:  0    Dex:  9    Spells: 9/9 levels left

rFire    . . .     SeeInvis .     - Unarmed
rCold    . . .     Gourm    .   (no shield)
rNeg     + . .     Faith    .   z - +4 plate armour {MR+}
rPois    ∞         Spirit   .   (no helmet)
rElec    +         Reflect  .   y - +0 cloak
rCorr    .         Harm     .   (no gloves)
MR       +....                  (no boots)
Stlth    ..........             (no amulet)
HPRegen  0.26/turn              i - ring of stealth
MPRegen  0.12/turn              (no ring)

@: berserking, very quick
A: negative energy resistance 1, electricity resistance, unbreathing,
petrification resistance, rot immunity, AC +7
a: Berserk, Trog's Hand, Brothers in Arms, Renounce Religion


You were on level 10 of the Dungeon.
You worshipped Trog.
Trog was greatly pleased with you.
You were near starving.

You visited 1 branch of the dungeon, and saw 10 of its levels.

You collected 704 gold pieces.

Inventory:

Hand Weapons
 w - a +2 shortbow
Missiles
 n - 135 arrows (quivered)
Armour
 y - a +0 cloak (worn)
 z - a +4 plate armour of magic resistance (worn)
Jewellery
 i - a ring of stealth (left hand)
Wands
 c - a wand of flame (32)
 g - a wand of enslavement (11)
 h - a wand of digging (8)
 k - a wand of disintegration (12)
 p - a wand of clouds (16)
 v - a wand of random effects (11)
 x - a wand of polymorph (8)
Scrolls
 d - 6 scrolls of remove curse
 j - a scroll of identify
 r - 2 scrolls of magic mapping
Potions
 a - a potion of flight
 e - 6 potions of might
 o - 2 potions of resistance
 q - 2 potions of heal wounds
 s - 2 potions of curing
 t - a potion of cancellation
 u - a potion of lignification
 A - a potion of mutation
Comestibles
 b - 24 rations
 f - 4 chunks of flesh


   Skills:
 + Level 9.3 Fighting
 * Level 7.7 Bows
 - Level 3.0 Armour
 - Level 1.5 Dodging
 * Level 11.5 Unarmed Combat


You had 9 spell levels left.
You didn't know any spells.
Your spell library was empty.

Dungeon Overview and Level Annotations

Branches:
Dungeon (10/15)            Temple (0/1) D:5
   Lair: D:8-11         Orc: D:9-12

Altars:
Hepliaklqana
Nemelex Xobeh
Zin

Shops:
D:8 *

Annotations:
D:10 Snorg


Innate Abilities, Weirdness & Mutations

You are resistant to torment.
Your stone body is resilient. (AC +7)
You are immune to poison.
You resist negative energy. (rN+)
You are resistant to electric shocks. (rElec)
You can survive without breathing.
You are immune to petrification.
You are immune to rotting.


Message History

Snorg closely misses you. Snorg claws you but does no damage. Snorg claws you!
You closely miss Snorg.
Snorg is moderately wounded.
Snorg bites you but does no damage. Snorg claws you but does no damage.
Snorg claws you!
* * * LOW HITPOINT WARNING * * *
You pummel Snorg!!
Snorg is heavily wounded.
You are near starving!
You hit Snorg.
Snorg is heavily wounded.
Snorg bites you but does no damage. Snorg claws you but does no damage. x2
You punch Snorg!
Snorg is severely wounded.
Snorg closely misses you. Snorg claws you but does no damage. Snorg claws you!
* * * LOW HITPOINT WARNING * * *
You pummel Snorg!!
Snorg is almost dead.
Snorg bites you!
You die...

.#
.###.#...#.###.#....
.# #.#..............
#.#...#.#####...
#...#.# ...
#.#...#.####.#
#.......#....#
#..>.........#
#......###.#..#
#...... #..@..#
...##. #..#T.# .#.
......!..# #
#.##....... ..
..###.### . ### .#
.. #.


You could see Snorg (berserk).

Vanquished Creatures
  Erica (D:9)
  Maurice (D:8)
  A wyvern (D:9)
  A yak (D:7)
  A human (D:7)
  A hungry ghost (D:9)
  3 hogs (D:7)
  Menkaure (D:6)
  A water moccasin (D:5)
  A porcupine (D:10)
  A phantom (D:6)
  Duvessa (D:4)
  4 orc warriors
  3 black bears
  A necrophage (D:9)
  4 ogres
  3 centaurs
  5 bullfrogs
  A gnoll sergeant (D:9)
  A big kobold (D:3)
  Dowan (D:4)
  2 scorpions (D:6)
  2 howler monkeys (D:7)
  3 crimson imps
  A centaur zombie (D:9)
  A quasit (D:9)
  Crazy Yiuf (D:4)
  3 hounds
  4 orc priests
  A jelly (D:4)
  A centaur skeleton (D:8)
  Jessica (D:3)
  4 bullfrog skeletons
  2 iguanas
  11 orc wizards
  7 worker ants
  3 gnolls (D:9)
  17 adders
  A shadow imp (D:5)
  An ooze (D:7)
  4 worms (D:2)
  4 dart slugs
  5 leopard geckos
  32 orcs
  2 ball pythons
  4 giant cockroaches
  13 goblins
  8 hobgoblins
  18 jackals
  9 kobolds
  5 quokkas
  4 bats
  9 frilled lizards
  A leopard gecko zombie (D:5)
  A quokka skeleton (D:5)
  11 rats
233 creatures vanquished.

Notes
Turn   | Place    | Note
-------+----------+-------------------------------------------
     0 | D:1      | HoaS the Gargoyle Berserker began the quest for the Orb.
     0 | D:1      | Reached XP level 1. HP: 14/14 MP: 1/1
   487 | D:1      | Reached XP level 2. HP: 19/19 MP: 2/2
  1045 | D:2      | Reached XP level 3. HP: 21/24 MP: 3/3
  1121 | D:2      | Reached skill level 4 in Unarmed Combat
  1615 | D:2      | Reached XP level 4. HP: 29/29 MP: 4/4
  1825 | D:2      | Reached ** piety under Trog
  2559 | D:3      | Noticed a big kobold
  2586 | D:3      | Killed a big kobold
  2586 | D:3      | Reached skill level 5 in Unarmed Combat
  2586 | D:3      | Reached XP level 5. HP: 13/34 MP: 5/5
  2958 | D:3      | Noticed Jessica
  2982 | D:3      | Killed Jessica
  3155 | D:3      | Reached XP level 6. HP: 40/40 MP: 6/6
  3315 | D:3      | Reached skill level 5 in Fighting
  3953 | D:4      | Noticed Duvessa
  3971 | D:4      | Killed Duvessa
  3971 | D:4      | Reached skill level 6 in Unarmed Combat
  3975 | D:4      | Reached XP level 7. HP: 44/44 MP: 7/7
  4041 | D:4      | Reached *** piety under Trog
  4272 | D:4      | Noticed Dowan
  4281 | D:4      | Killed Dowan
  4341 | D:4      | Reached skill level 7 in Unarmed Combat
  4907 | D:4      | Found a runed translucent door.
  5128 | D:4      | Noticed Crazy Yiuf
  5139 | D:4      | Killed Crazy Yiuf
  5213 | D:5      | Entered Level 5 of the Dungeon
  5246 | D:4      | Reached XP level 8. HP: 38/52 MP: 8/8
  5407 | D:5      | Found a staircase to the Ecumenical Temple.
  5461 | D:5      | Reached skill level 8 in Unarmed Combat
  5607 | D:5      | Reached **** piety under Trog
  6492 | D:6      | Reached skill level 1 in Bows
  6516 | D:6      | Reached skill level 9 in Unarmed Combat
  6668 | D:6      | Noticed Menkaure
  6677 | D:6      | Killed Menkaure
  6677 | D:6      | Reached XP level 9. HP: 38/57 MP: 9/9
  7324 | D:7      | Found a sparkling altar of Nemelex Xobeh.
  7776 | D:7      | Reached skill level 10 in Unarmed Combat
  7784 | D:7      | Reached skill level 5 in Bows
  8245 | D:8      | Found Zin's Purification Station.
  8245 | D:8      | Found a glowing silver altar of Zin.
  8385 | D:8      | Noticed Maurice
  8510 | D:8      | Killed Maurice
  8510 | D:8      | Reached XP level 10. HP: 57/65 MP: 10/10
  8724 | D:8      | Got a faintly humming cloak
  8735 | D:8      | Identified the -6 cloak of the Pink Corner {SInv} (You
                  | found it on level 8 of the Dungeon)
  9239 | D:9      | Reached skill level 11 in Unarmed Combat
  9397 | D:9      | Reached ***** piety under Trog
  9416 | D:9      | Noticed Erica
  9441 | D:9      | Killed Erica
  9670 | D:9      | Found a hazy altar of Hepliaklqana.
  9900 | D:10     | Entered Level 10 of the Dungeon
 10181 | D:10     | Noticed Snorg
 10195 | D:10     | Slain by Snorg

Illustrated notes

Levels and vault maps discovered:
D:1:      heliophobic_arrival_enchanted_forest, layout_basic, serial_glass,
          glass_columns_a, glass_columns_a, minmay_strange_pillars,
          due_unseen_surprise, minmay_strange_pillars, item_on_display_b,
          minmay_misc_feat_rugged
D:2:      kennysheep_six_static_rooms, layout_loops_corners, first_ration,
          roderic_three_in_a_row
D:3:      minmay_general_purpose_star, layout_rooms, grunt_decor_mini_mirrors,
          grunt_ministairs_11, minmay_ruptured, uniq_jessica
D:4:      layout_basic, uniq_duvessa, uniq_crazy_yiuf_cottage
D:5:      layout_rooms, minmay_temple_entry_tees, grunt_ministairs_1,
          minmay_misc_feat_rows, kennysheep_cluttered_room,
          minmay_misc_feat_chi, kennysheep_small_circle
D:6:      layout_gridville, kennysheep_generic_room_12, uniq_menkaure
D:7:      layout_basic, grunt_livestock, nemelex_lonely_heart_becter
D:8:      layout_loops_ring, zin_purify, uniq_maurice
D:9:      layout_basic, basic_altar, uniq_erica
D:10:     layout_loops_cross, grunt_lair_entry_orc_guard_hut,
          grunt_ministairs_11, chequers_serial_rivers_micro_d, uniq_sonja,
          uniq_snorg

Skill      XL: |  1  2  3  4  5  6  7  8  9 10 |
---------------+-------------------------------+-----
Unarmed Combat | 4 5 6 7 9 10 11 | 11.5
Fighting       | 4 5 6 7 8 9 |  9.3
Armour         | 3 |  3.0
Bows           | 2 5 7 |  7.7
Dodging        | |  1.5

Action                   |  1- 3 |  4- 6 |  7- 9 | 10-12 || total
-------------------------+-------+-------+-------+-------++-------
Melee: Unarmed           |   112 |   214 |   424 |   262 ||  1012
       Punch             |     1 |     1 |    17 |     9 ||    28
Invok: Berserk           |       |     2 |     1 |     1 ||     4
       Trog's Hand       |       |     1 |     2 |     2 ||     5
Evoke: Wand              |       |       |     1 |       ||     1
  Use: Scroll            |       |       |    20 |     6 ||    26
  Eat: Chunk             |     2 |     9 |    17 |    11 ||    39
Armor: Animal skin       |     3 |       |       |       ||     3
       Leather armour    |    18 |       |       |       ||    18
       Ring mail         |    11 |    46 |       |       ||    57
       Scale mail        |       |    29 |    52 |       ||    81
       Plate armour      |       |       |   209 |   241 ||   450
Dodge: Dodged            |    66 |    97 |   136 |    84 ||   383

Table legend:
 A = Non-vault XP
 B = Vault XP
 C = Vault XP percentage of total XP
 D = Non-vault monster count
 E = Vault monster count
 F = Vault count percentage of total count
                 A         B        C        D         E       F
            +---------+---------+-------+---------+---------+-------
      Total |    4990 |    3444 |  40.8 |     192 |      41 |  17.6
            +---------+---------+-------+---------+---------+-------
        D:1 |      22 |       0 |   0.0 |      13 |       0 |   0.0
        D:2 |      91 |      28 |  23.5 |      30 |       6 |  16.7
        D:3 |     133 |     116 |  46.6 |      23 |      13 |  36.1
        D:4 |     545 |     253 |  31.7 |      26 |       3 |  10.3
        D:5 |     454 |      13 |   2.8 |      16 |       2 |  11.1
        D:6 |     961 |     172 |  15.2 |      29 |       1 |   3.3
        D:7 |     569 |     968 |  63.0 |      12 |       5 |  29.4
        D:8 |     259 |     472 |  64.6 |       9 |       1 |  10.0
        D:9 |    1868 |     918 |  33.0 |      33 |       1 |   2.9
       D:10 |      88 |     504 |  85.1 |       1 |       9 |  90.0
            +---------+---------+-------+---------+---------+-------
